 Dungeon Crawl Stone Soup version 0.30-a0-553-g7fabdf1491 (webtiles) character file.

Game seed: 4376697221740715603

3615 oldriver the Skirmisher (level 10, -1/91 HPs)
             Began as a Naga Artificer on Dec 27, 2022.
             Was a Priest of Elyvilon.
             Slain by a spriggan
             ... wielding a +3 vorpal trident
              (7 damage)
             ... in a bailey.
             The game lasted 00:17:55 (8390 turns).

oldriver the Skirmisher (Naga Artificer)            Turns: 8390, Time: 00:17:55

Health: -1/91      AC:  9    Str: 16    XL:     10   Next: 11%
Magic:  10/10      EV: 11    Int: 11    God:    Elyvilon [***...]
Gold:   85         SH:  5    Dex: 21    Spells: 9/9 levels left

rFire   . . .      SeeInvis +    b - +1 sling
rCold   . . .      Faith    .    (no shield)
rNeg    . . .      Spirit   .    v - +1 troll leather armour {Pargi}
rPois   +          Reflect  +    C - +2 helmet of Grace {Rampage rElec}
rElec   +          Harm     .    (no cloak)
rCorr   .          Rampage  +    (no gloves)
Will    +....                    (no barding)
Stlth   +++                      E - amulet of reflection
HPRegen 1.15/turn                z - +6 ring of dexterity
MPRegen 0.12/turn                (no ring)

@: very slow
A: AC +3, large, see invisible, deformed body, poison resistance, slowness 2,
spit poison 1, naga tail 1
a: Spit Poison, Renounce Religion, Purification, Heal Other, Heal Self


You were in a bailey.
You worshipped Elyvilon.
Elyvilon was most pleased with you.
You visited 2 branches of the dungeon, and saw 9 of its levels.
You also visited: Sewer and Bailey.

You collected 370 gold pieces.
You spent 285 gold pieces at shops.

Inventory:

Hand Weapons
 b - a +1 sling (weapon)
 h - a +0 spear of freezing
Missiles
 g - 78 stones
 x - 2 datura-tipped darts
Armour
 m - a +2 robe of fire resistance
 v - a +1 troll leather armour (worn) {Pargi}
 C - the +2 helmet of Grace (worn) {Rampage rElec}
   (You bought it in a shop on level 7 of the Dungeon)

   rElec:     It insulates you from electricity.
   Rampage:   It bestows one free step when moving towards enemies.
Jewellery
 z - a +6 ring of dexterity (left hand)
 E - an amulet of reflection (around neck)
Wands
 c - a wand of flame (3)
 d - a wand of charming (10)
 o - a wand of polymorph (3)
 y - a wand of mindburst (10)
 B - a wand of paralysis (1)
Scrolls
 a - a scroll of identify
 e - 3 scrolls of noise {unknown}
 f - 5 scrolls of teleportation
 n - a scroll of magic mapping
 A - a scroll of amnesia
Potions
 i - 3 potions of attraction {unknown}
 j - 7 potions of curing
 k - 3 potions of lignification
 l - 4 potions of heal wounds
 p - 2 potions of brilliance {unknown}
 q - 2 potions of might {unknown}
 r - 8 potions of degeneration
 s - a potion of berserk rage {unknown}
 t - a potion of resistance {unknown}
 u - a potion of invisibility {unknown}
 w - 2 potions of cancellation
 D - a potion of mutation {unknown}


   Skills:
 + Level 6.0 Fighting
 - Level 4.2 Short Blades
 * Level 12.6 Ranged Weapons
 - Level 2.0 Armour
 + Level 3.8 Dodging
 - Level 6.0 Stealth
 - Level 3.0 Evocations


You had 9 spell levels left.
You didn't know any spells.
Your spell library contained the following spells:

 Spells                   Type           Power      Damage    Failure   Level
 Apportation              Tloc           0%         N/A       41%         1
 Necrotise                Necr           0%         1d4       41%         1
 Summon Small Mammal      Summ           0%         N/A       41%         1
 Ensorcelled Hibernation  Hex/Ice        0%         N/A       54%         2
 Gell's Gravitas          Tloc           0%         N/A       78%         3
 Lesser Beckoning         Tloc           0%         N/A       78%         3
 Spider Form              Tmut/Pois      0%         N/A       78%         3
 Teleport Other           Tloc           0%         N/A       78%         3
 Anguish                  Hex/Necr       0%         N/A       99%         4


Dungeon Overview and Level Annotations

Branches:
Dungeon (8/15)             Temple (1/1) D:4           Sewer (visited)
 Bailey (1/1)
   Lair: D:8-11

Altars:
Ashenzari
Cheibriados
Dithmenos
Elyvilon
Gozag
Hepliaklqana
Kikubaaqudgha
Makhleb
Okawaru
Sif Muna
Trog
Uskayaw
Vehumet
Wu Jian
Yredelemnul
The Shining One

Shops:
D:7 ([!([


Innate Abilities, Weirdness & Mutations

Your serpentine skin is tough. (AC +3)
You have supernaturally acute eyesight. (SInv)
Armour fits poorly on your strangely shaped body.
Your system is resistant to poisons. (rPois)
You cover ground very slowly.
You can spit poison.
You have a snake-like lower body.


Message History

Aim: a spriggan, wielding a +0 trident (severely wounded, 48% to hit)
You shoot a sling bullet.
The sling bullet closely misses the spriggan.
The spriggan hits you from afar with a +0 trident!
The spriggan hits you from afar with a +0 trident.
Aiming: Mindburst
Press: ? - help, Shift-Dir - straight line, f/p - spriggan
Aim: a spriggan, wielding a +0 trident (severely wounded, chance to affect: 42%)
The spriggan resists with some effort.
The spriggan misses you. You block the spriggan's attack.
Aiming: Charm
Press: ? - help, Shift-Dir - straight line, f - spriggan, p - spriggan
Aim: a spriggan, wielding a +0 trident (chance to affect: 23%)
Okay, then.
As you read the scroll of teleportation, it crumbles to dust.
You feel strangely unstable. The spriggan barely misses you.
You block the spriggan's attack.
The spriggan hits you from afar with a +0 trident! x2
* * * LOW HITPOINT WARNING * * *
Your surroundings suddenly seem different.
A two-headed ogre comes into view. It is wielding two +0 halberds.
A spriggan comes into view. It is wielding a +3 vorpal trident.
Aiming: Charm
Press: ? - help, Shift-Dir - straight line, f - two-headed ogre
Aim: a two-headed ogre, wielding two +0 halberds (wandering, hasn't noticed you, chance to affect: 38%)
The two-headed ogre shouts in stereo!
The two-headed ogre resists with some effort.
The spriggan shouts!
You hear an angry hiss.
The two-headed ogre closely misses you.
The two-headed ogre hits you with a +0 halberd!!
* * * LOW HITPOINT WARNING * * *
The spriggan hits you with a +3 vorpal trident!
Elyvilon protects you from harm!
* * * LOW HITPOINT WARNING * * *
Aiming: Charm
Press: ? - help, Shift-Dir - straight line, f/p - two-headed ogre
Aim: a two-headed ogre, wielding two +0 halberds (chance to affect: 38%)
The two-headed ogre resists with some effort.
The spriggan hits you with a +3 vorpal trident!
You die...

######### ##.......## ###
##.........# ##.##
##..#######..# ##...##
##..#♣..O..#♣..# #.....#
##..##.i@....##..##
#.....###..♣♣..♣♣#♣♣..#...#
...∩..~~)..♣.. ♣.#...#
......~)~..#. .#~..#
......~)~..# ~~..#
......~~~..♣ #~..#
...∩..~~~..# #...#
#.....###..## #...# #.....#
##..#♣ ♣#..##


You could see a two-headed ogre and a spriggan.

Vanquished Creatures
  A cyclops (D:8)
  Sigmund (D:3)
  A steam dragon (D:8)
  2 water moccasins
  Pargi (Sewer)
  4 black bears
  An orc warrior (D:8)
  3 ogres (Bailey)
  2 centaurs (D:5)
  2 phantoms
  2 necrophages
  5 scorpions
  A bullfrog (D:7)
  A gnoll sergeant (D:5)
  3 wights (D:8)
  A howler monkey (D:7)
  A jelly (D:6)
  A hound (D:6)
  6 orc priests
  A gnoll bouda (D:8)
  3 iguanas
  5 orc wizards
  Terence (D:3)
  Robin (D:3)
  15 gnolls
  11 adders
  3 white imps
  A worm (D:3)
  3 dart slugs
  25 orcs
  3 endoplasms
  3 giant cockroaches
  10 goblins
  5 hobgoblins
  6 jackals
  13 kobolds
  6 quokkas
  10 ball pythons
  5 bats
  5 frilled lizards
  6 rats
180 creatures vanquished.

Vanquished Creatures (collateral kills)
  An orc (D:6)
  A giant cockroach (D:3)
  2 goblins (D:3)
  A rat (D:3)
5 creatures vanquished.

Vanquished Creatures (others)
  An ogre (D:6)
  A river rat (D:3)
  A fungus (Temple)
3 creatures vanquished.

Grand Total: 188 creatures vanquished

Notes
Turn   | Place    | Note
-------+----------+-------------------------------------------
     0 | D:1      | oldriver the Naga Artificer began the quest for the Orb.
     0 | D:1      | Reached XP level 1. HP: 18/18 MP: 1/1
    67 | D:1      | Reached XP level 2. HP: 25/25 MP: 2/2
   364 | D:1      | Reached skill level 1 in Short Blades
   418 | D:1      | Reached XP level 3. HP: 28/32 MP: 3/3
   733 | D:2      | Found a faded altar of an unknown god.
   834 | D:2      | Reached skill level 1 in Dodging
   834 | D:2      | Reached XP level 4. HP: 30/39 MP: 4/4
  1306 | D:3      | Noticed Sigmund
  1312 | D:3      | Killed Sigmund
  1313 | D:3      | Reached XP level 5. HP: 49/49 MP: 5/5
  1313 | D:3      | Reached XP level 6. HP: 56/56 MP: 6/6
  1446 | D:3      | Noticed Terence
  1505 | D:3      | Killed Terence
  1690 | D:3      | Reached skill level 5 in Stealth
  1759 | D:3      | Found a glowing drain.
  1802 | Sewer    | Entered a sewer
  1983 | Sewer    | Noticed Pargi
  1996 | Sewer    | Killed Pargi
  1997 | Sewer    | Reached XP level 7. HP: 45/63 MP: 7/7
  2156 | D:3      | Noticed Robin
  2230 | D:3      | Killed Robin
  2568 | D:3      | Reached skill level 1 in Ranged Weapons
  2763 | D:4      | Reached skill level 2 in Ranged Weapons
  2898 | D:4      | Found a staircase to the Ecumenical Temple.
  2926 | Temple   | Entered the Ecumenical Temple
  2970 | Temple   | Reached skill level 3 in Ranged Weapons
  3352 | Temple   | Became a worshipper of Elyvilon the Healer
  3412 | Temple   | Reached skill level 4 in Ranged Weapons
  3501 | D:4      | Reached skill level 5 in Ranged Weapons
  3685 | D:4      | Reached XP level 8. HP: 70/72 MP: 8/8
  3701 | D:4      | Found a hide-covered altar of Uskayaw.
  3974 | D:4      | Reached skill level 6 in Ranged Weapons
  4095 | D:5      | Entered Level 5 of the Dungeon
  4112 | D:5      | Reached skill level 7 in Ranged Weapons
  4226 | D:5      | Reached skill level 8 in Ranged Weapons
  4335 | D:5      | Reached skill level 9 in Ranged Weapons
  4474 | D:5      | Reached skill level 10 in Ranged Weapons
  4658 | D:5      | Found an ornate altar of the Wu Jian Council.
  4789 | D:5      | Reached XP level 9. HP: 50/78 MP: 9/9
  5029 | D:6      | Reached * piety under Elyvilon
  5434 | D:6      | Reached skill level 11 in Ranged Weapons
  6056 | D:6      | Found a shimmering blue altar of Sif Muna.
  6922 | D:6      | Reached ** piety under Elyvilon
  6963 | D:7      | Found Jeigim's Armour Shop.
  7069 | D:7      | Bought the +2 helmet of Grace {Rampage rElec} for 285 gold
                  | pieces
  7334 | D:7      | Found Zowu's Armour Boutique.
  7344 | D:7      | Reached skill level 5 in Fighting
  7347 | D:7      | Found Anigukyg's Distillery.
  7351 | D:7      | Found Cimixe's Weapon Shop.
  7378 | D:7      | Found Aqeon's Weapon Emporium.
  7774 | D:8      | Reached skill level 12 in Ranged Weapons
  7814 | D:8      | Noticed a cyclops
  7821 | D:8      | Killed a cyclops
  7825 | D:8      | Found a snail-covered altar of Cheibriados.
  7901 | D:8      | Reached XP level 10. HP: 85/90 MP: 10/10
  7925 | D:8      | Reached *** piety under Elyvilon
  8047 | D:8      | Found a flagged portal.
  8056 | Bailey   | Entered a bailey
  8388 | Bailey   | Noticed a two-headed ogre
  8389 | Bailey   | Elyvilon protects you from harm!
  8390 | Bailey   | Slain by a spriggan

Illustrated notes

Levels and vault maps discovered:
D:1:      wander_arrival_chamber, layout_basic, bh_walls_and_bars
D:2:      layout_rooms, serial_glass, glass_columns_a, glass_columns_a,
          glass_columns_a, glass_columns_a, glass_columns_a, glass_columns_a,
          hellmonk_ecumenical_altar_blasted
D:3:      layout_basic, serial_glass, glass_columns_b, glass_columns_c,
          glass_columns_a, portal_sewer_entry_b, minmay_surrounded, uniq_robin,
          uniq_sigmund, uniq_terence
D:4:      layout_rooms, eat_drink_and_be_merry_uskayaw,
          minmay_temple_entry_large_hall
D:5:      layout_gridville, nicolae_wu_jian_glorious_leap
D:6:      layout_gridville, mainiacjoe_overflow_concentric_impassable
D:7:      layout_loops_ring, serial_shops, nicolae_stop_n_shop_2, shop,
          kennysheep_little_box, shop, nicolae_shop_statue_plus
D:8:      layout_basic, kennysheep_slug_shrine, enter_bailey_7,
          roderic_malta_cross, skrybe_limestone_x
Temple:   minmay_temple_forest_path
Bailey:   bailey_polearm_enchanted_keep_hellmonk, bailey

Skill      XL: |  1  2  3  4  5  6  7  8  9 10 |
---------------+-------------------------------+-----
Stealth        | 2 3 4 5 6 |  6.0
Short Blades   | 1 3 4 |  4.2
Fighting       | 2 3 4 5 6 |  6.0
Dodging        | 1 2 3 |  3.8
Armour         | 2 |  2.0
Ranged Weapons | 5 10 12 | 12.6
Evocations     | |  3.0

Action                   |  1- 3 |  4- 6 |  7- 9 | 10-12 || total
-------------------------+-------+-------+-------+-------++-------
Melee: Club              |     5 |       |       |       ||     5
       Dagger            |    54 |   148 |    18 |       ||   220
       Punch             |       |       |     1 |       ||     1
 Fire: Sling             |       |       |   722 |    37 ||   759
Throw: Stone             |       |     1 |       |       ||     1
 Abil: Spit Poison       |    31 |    24 |    24 |       ||    79
Evoke: Wand              |       |    13 |     9 |     3 ||    25
  Use: Scroll            |       |     7 |     7 |     1 ||    15
       Potion            |       |       |     1 |       ||     1
 Stab: Sleeping          |       |     3 |     2 |       ||     5
Armor: Leather armour    |    17 |    10 |       |       ||    27
       Robe              |       |    73 |       |       ||    73
       Troll leather arm |       |       |   228 |       ||   228
Dodge: Dodged            |    26 |    79 |   266 |     6 ||   377
Block: Other             |       |       |    10 |     3 ||    13

Table legend: (Time is in decaauts)
 A = Elapsed time spent in this place.
 B = Non-inter-level travel time spent in this place.
 C = Inter-level travel time spent in this place.
 D = Time resting spent in this place.
 E = Time spent auto-exploring this place.
 F = Levels seen in this place.
 G = Mean time per level.
                   A        B        C        D        E       F      G
               +--------+--------+--------+--------+--------+-----+--------+
         Total |  10231 |   9902 |    329 |   1963 |   5229 |  11 |  930.1 |
       Dungeon |   8758 |   8483 |    275 |   1614 |   4550 |   8 | 1094.8 |
        Temple |    725 |    671 |     54 |     43 |    501 |   1 |  725.0 |
         Sewer |    387 |    387 |      0 |     91 |    157 |   1 |  387.0 |
        Bailey |    360 |    360 |      0 |    215 |     19 |   1 |  360.0 |
               +--------+--------+--------+--------+--------+-----+--------+

Top non-repeatable levels by time:
     D:6: 2211 daAuts
     D:3: 1354 daAuts
     D:5: 1099 daAuts
     D:4: 1058 daAuts
     D:7: 907 daAuts
     D:2: 830 daAuts
     D:1: 815 daAuts
  Temple: 725 daAuts
     D:8: 481 daAuts
   Sewer: 387 daAuts
  Bailey: 360 daAuts
